Map: Cerulean Fall LE

Players

SortOf

  • Race: Zerg Zerg
  • League: Master
  • Spawn Location: 1:00

PtitDrogo - Winner!

  • Race: Protoss Protoss
  • League: Master
  • Spawn Location: 7:00

Event: HomeStory Cup XVIII

VOD

Have the link to the VOD?

Description

Time

  • Played on: Nov. 23, 2018, 11:37 a.m.
  • Length: 7:27

All games in this series

Show
View Real Time Build Order
Export as new Build Order

SortOf Zerg 

Build Orders: Hatch First 

Get SALT Encoding   

  12  0:00  Drone  
  13  0:12  Overlord  
  13  0:17  Drone  
  14  0:31  Drone x2  
  16  0:48  Hatchery  
  15  0:52  Drone  
  15  0:55  Drone  
  17  0:58  Drone  
  18  1:10  Extractor  
  17  1:14  Spawning Pool  
  17  1:17  Drone  
  17  1:21  Drone  
  18  1:28  Drone  
  19  1:39  Drone  
  20  1:49  Overlord  
  20  2:01  Queen x2  
  22  2:04  Drone x2  
  26  2:10  Drone  
  26  2:11  Drone  
  28  2:25  Drone  
  28  2:26  Drone  
  30  2:38  Drone, Hatchery  
  30  2:39  Drone  
  31  2:44  Overlord  
  31  2:48  Zergling x2  
  32  2:52  Queen  
  32  2:56  Zergling x2  
  32  2:58  Drone  
  36  3:10  Drone x2  
  36  3:12  Queen  
  38  3:14  Drone x3  
  38  3:19  Overlord  
  43  3:23  Drone  
  43  3:25  Overlord  
  44  3:33  Overlord  
  44  3:39  Lair  
  44  3:40  Drone x3  
  44  3:41  Drone, Roach Warren  
  47  3:43  Metabolic Boost  
  47  3:46  Drone  
  48  3:48  Spore Crawler  
  48  3:54  Spore Crawler  
  46  3:57  Drone  
  46  3:58  Drone  
  46  4:02  Overlord  
  49  4:05  Queen  
  49  4:09  Drone x2  
  52  4:10  Drone  
  52  4:13  Drone x2  
  55  4:18  Drone  
  55  4:20  Overlord  
  55  4:23  Drone x2  
  57  4:27  Overlord  
  57  4:29  Spore Crawler  
  57  4:31  Zergling x4  
  58  4:34  Roach  
  58  4:37  Roach  
  60  4:39  Roach  
  60  4:41  Roach  
  60  4:43  Roach  
  64  4:48  Roach  
  64  4:51  Queen  
  66  4:54  Roach  
  68  5:03  Drone  
  68  5:04  Drone x4  
  68  5:06  Drone  
  71  5:11  Drone x2  
  71  5:13  Drone x2  
  72  5:16  Drone  
  72  5:18  Drone  
  74  5:22  Spore Crawler  
  74  5:23  Spore Crawler  
  74  5:24  Extractor  
  74  5:25  Drone  
  74  5:27  Drone  
  72  5:29  Drone  
  72  5:35  Drone x2  
  72  5:40  Drone x2  
  72  5:41  Overseer  
  74  5:46  Extractor  
  74  5:47  Extractor  
  69  5:51  Drone x2  
  69  5:53  Drone x4  
  69  5:55  Extractor  
  69  5:56  Extractor  
  73  6:01  Drone x3  
  76  6:04  Queen  
  76  6:09  Drone x2  
  80  6:12  Queen  
  80  6:18  Overlord  
  82  6:21  Overlord  
  82  6:25  Overlord  
  82  6:30  Overlord  
  82  6:39  Hatchery  
  83  6:40  Drone  
  83  6:41  Drone x2, Hydralisk Den  
  83  6:42  Evolution Chamber  
  83  6:44  Drone x3  
  83  6:45  Drone  
  88  6:47  Drone  
  88  6:53  Drone  
  88  6:55  Drone  
  88  6:56  Drone x3  
  88  6:59  Drone x2  
  94  7:05  Roach x4  
  94  7:06  Roach x3  
  102  7:12  Lurker Den  
  109  7:23  Ravager x3  
Show
View Real Time Build Order
Export as new Build Order

PtitDrogo Protoss - Winner!

Build Orders: 1 Gate Expand, Oracle Opening, Zealot Archon 

Get SALT Encoding   

  12  0:00  Probe  
  13  0:12  Probe  
  14  0:19  Pylon  
  14  0:24  Probe  
  15  0:33  Assimilator  
  15  0:34  Probe  
  15  0:42  Probe  
  16  0:44  Gateway  
  17  0:52  Probe  
  18  1:04  Probe  
  19  1:16  Probe  
  20  1:24  Nexus  
  20  1:34  Cybernetics Core  
  20  1:37  Probe  
  21  1:42  Assimilator  
  21  1:50  Probe  
  21  1:52  Pylon  
  22  2:00  Stalker  
  22  2:02  Probe  
  22  2:05  Warp Gate  
  23  2:14  Probe  
  26  2:22  Stargate  
  26  2:25  Probe  
  27  2:30  Adept  
  27  2:32  Probe  
  27  2:34  Probe  
  30  2:40  Probe  
  30  2:42  Probe  
  31  2:50  Probe  
  33  2:52  Probe  
  33  2:55  Oracle  
  35  3:03  Probe  
  35  3:04  Probe  
  40  3:10  Gateway  
  40  3:13  Gateway  
  40  3:15  Probe  
  40  3:19  Probe  
  42  3:22  Pylon  
  42  3:26  Adept  
  44  3:28  Probe  
  44  3:33  Assimilator  
  45  3:35  Probe, Assimilator  
  45  3:41  Oracle  
  49  3:44  Probe  
  49  3:47  Probe  
  51  3:50  Pylon  
  51  3:56  Probe  
  51  4:00  Probe  
  53  4:08  Adept x3, Probe  
  60  4:12  Probe  
  61  4:18  Pylon  
  62  4:27  Probe  
  62  4:28  Nexus  
  62  4:49  Probe  
  62  4:50  Probe  
  62  4:51  Robotics Facility  
  62  4:52  Robotics Facility  
  64  5:02  Probe  
  64  5:04  Forge, Twilight Council  
  63  5:14  Probe  
  62  5:15  Probe  
  62  5:17  Pylon  
  62  5:18  Pylon  
  63  5:22  Protoss Ground Weapons Level 1  
  63  5:26  Probe  
  63  5:28  Probe  
  65  5:30  Immortal x2  
  61  5:38  Probe  
  61  5:40  Probe  
  61  5:41  Charge  
  69  5:44  Templar Archives  
  69  5:45  Probe  
  69  5:48  Probe  
  69  5:49  Probe  
  70  5:52  Sentry x2  
  70  5:53  Sentry  
  70  5:56  Probe  
  78  5:57  Probe x2  
  78  6:03  Pylon  
  81  6:04  Probe  
  81  6:05  Warp Prism  
  81  6:06  Probe  
  81  6:09  Probe  
  84  6:11  Immortal  
  84  6:17  Probe  
  91  6:25  Gateway  
  91  6:27  Gateway  
  91  6:28  Gateway  
  91  6:31  Sentry  
  91  6:32  High Templar x2  
  97  6:33  Gateway  
  97  6:37  Archon  
  97  6:38  Gateway  
  97  6:41  Observer  
  97  6:42  Immortal  
  97  6:45  Pylon, Assimilator  
  98  6:50  Assimilator  
  102  6:55  Probe x2  
  102  6:56  Probe  
  102  6:59  Pylon  
  102  7:00  Pylon x2  
  109  7:12  Zealot  
  109  7:13  Zealot x2  
  115  7:16  Pylon  
Tags
 
Add a new tag
Caveats
  • Supply blocks, unpowered buildings, or Contaminate may cause inaccurate times.
  • Supply counts are checked every 10 seconds.